[Event "ICC tourney 1954 (60 10)"]
[Site "Internet Chess Club"]
[Date "2020.08.08"]
[Round "5"]
[White "Rhinoguy"]
[Black "buptwy"]
[Result "1-0"]
[ICCResult "Black checkmated"]
[WhiteElo "1178"]
[BlackElo "571"]
[Opening "Scotch game"]
[ECO "C45"]
[NIC "SO.05"]
[Time "15:17:46"]
[TimeControl "3600+10"]

1. e4 e5 2. Nf3 Nc6 3. d4 exd4 4. Nxd4 Bc5 5. Be3 Qf6 6. c3 Nxd4 7. cxd4
Bb4+ 8. Nc3 Ne7 9. a3 Ba5 10. Bc4 O-O 11. O-O c6 12. e5 Qg6 13. Bd3 Nf5 14.
Qf3 Nh4 15. Bxg6 Nxf3+ 16. gxf3 fxg6 17. Kg2 Bc7 18. Ne4 b6 19. Rfd1 Ba6 20.
f4 Bb7 21. Rac1 c5 22. f3 Bxe4 23. fxe4 cxd4 24. Rxc7 dxe3 25. Rdxd7 Rfe8
26. Rxg7+ Kf8 27. Rcf7# {Black checkmated} 1-0

[Event "ICC tourney 1954 (60 10)"]
[Site "Internet Chess Club"]
[Date "2020.08.08"]
[Round "5"]
[White "weheinrich"]
[Black "srikardesu"]
[Result "1-0"]
[ICCResult "Black checkmated"]
[WhiteElo "967"]
[BlackElo "203"]
[Opening "Three knights game"]
[ECO "C46"]
[NIC "KP.06"]
[Time "15:17:11"]
[TimeControl "3600+10"]

1. e4 e5 2. Nf3 Nc6 3. Nc3 Bc5 4. d3 Nf6 5. Be3 b6 6. Bxc5 bxc5 7. Be2 O-O
8. O-O d6 9. Qd2 Ng4 10. h3 Nh6 11. Nd5 Nb4 12. c3 Nxd5 13. exd5 Bb7 14. c4
c6 15. dxc6 Bxc6 16. Ne1 Qf6 17. Bf3 Bxf3 18. Nxf3 Nf5 19. Qg5 Qe6 20. Rfe1
g6 21. g4 Ne7 22. d4 cxd4 23. b3 d5 24. Nxd4 dxc4 25. Nxe6 cxb3 26. Nxf8
Rxf8 27. axb3 Re8 28. Rxe5 Kf8 29. Rxa7 Nc6 30. Rxe8+ Kxe8 31. Ra8+ Kd7 32.
Qd2+ Kc7 33. Rf8 Ne5 34. Qc3+ Kd6 35. Qxe5+ Kxe5 36. Rxf7 h5 37. Kg2 hxg4
38. hxg4 Ke6 39. Rc7 Ke5 40. b4 Kf4 41. f3 g5 42. Rc4+ Ke5 43. b5 Kd6 44. b6
Ke6 45. b7 Kd5 46. Rc1 Kd4 47. b8=Q Ke3 48. Qe8+ Kd2 49. Rc7 Kd3 50. Rd7+
Kc4 51. Qc8+ Kb5 52. Rb7+ Ka6 53. Qa8# {Black checkmated} 1-0

[Event "ICC tourney 1954 (60 10)"]
[Site "Internet Chess Club"]
[Date "2020.08.08"]
[Round "5"]
[White "sskavin14"]
[Black "OwenT"]
[Result "1-0"]
[ICCResult "Black resigns"]
[WhiteElo "1003"]
[BlackElo "1251"]
[Opening "French: Swiss variation"]
[ECO "C11"]
[NIC "FR.04"]
[Time "15:17:15"]
[TimeControl "3600+10"]

1. e4 e6 2. Nc3 d5 3. d4 Nf6 4. Bd3 Bb4 5. e5 Nfd7 6. a3 Bxc3+ 7. bxc3 O-O
8. Nf3 c5 9. Be3 Qc7 10. O-O b6 11. Bxh7+ Kxh7 12. Ng5+ Kg8 13. Qh5 Rd8 14.
Qh7+ Kf8 15. Qh8+ Ke7 16. Qxg7 Rf8 17. Nh7 Rd8 18. Bg5+ Ke8 19. Qg8+
{Black resigns}
1-0

[Event "ICC tourney 1954 (60 10)"]
[Site "Internet Chess Club"]
[Date "2020.08.08"]
[Round "5"]
[White "azhang123"]
[Black "srirammarni"]
[Result "1-0"]
[ICCResult "Black checkmated"]
[WhiteElo "1310"]
[BlackElo "902"]
[Opening "King's Indian: London system"]
[ECO "A45"]
[NIC "QP.07"]
[Time "15:17:21"]
[TimeControl "3600+10"]

1. d4 Nf6 2. Bf4 g6 3. Nf3 Nc6 4. e3 d6 5. Be2 Bg7 6. Nc3 O-O 7. O-O Re8 8.
d5 Nb8 9. Bc4 e6 10. e4 e5 11. Bg5 Bg4 12. h3 Bxf3 13. Qxf3 Nbd7 14. Bb5 Rf8
15. Bxd7 Qxd7 16. Bxf6 Bxf6 17. Qxf6 Rfe8 18. f4 exf4 19. Rxf4 Re7 20. Raf1
Rf8 21. Ne2 c6 22. Nd4 c5 23. Ne6 Rfe8 24. Qg7# {Black checkmated} 1-0

[Event "ICC tourney 1954 (60 10)"]
[Site "Internet Chess Club"]
[Date "2020.08.08"]
[Round "5"]
[White "yimaster"]
[Black "Aahilvalliani"]
[Result "1-0"]
[ICCResult "Black checkmated"]
[WhiteElo "1239"]
[BlackElo "742"]
[Opening "two knights defense: Fegatello attack"]
[ECO "C57"]
[NIC "KP.01"]
[Time "15:17:09"]
[TimeControl "3600+10"]

1. e4 e5 2. Nf3 Nf6 3. Bc4 Nc6 4. Ng5 d5 5. exd5 Nxd5 6. Nxf7 Kxf7 7. Qf3+
Ke8 8. Bxd5 Qf6 9. Bxc6+ bxc6 10. Qxf6 gxf6 11. d3 Bd6 12. Nc3 Be6 13. Bh6
Rg8 14. g3 Rg6 15. Be3 Rb8 16. b3 a6 17. a3 Kd7 18. O-O-O Bxa3+ 19. Kb1 Bd6
20. d4 Ke7 21. d5 cxd5 22. Nxd5+ Bxd5 23. Rxd5 Ke6 24. Ra5 Ra8 25. Kb2 Bb4
26. Ra4 Bd6 27. Rha1 f5 28. Rxa6 Rxa6 29. Rxa6 Kd7 30. Ra5 Rf6 31. Bc5 Rh6
32. h4 Re6 33. Kc3 Bxc5 34. Rxc5 Rc6 35. Rxc6 Kxc6 36. Kd3 Kd5 37. c4+ Kd6
38. b4 c5 39. b5 e4+ 40. Ke3 h6 41. Kf4 Ke6 42. b6 Kd7 43. Kxf5 Kc6 44. Kxe4
Kxb6 45. Kd5 h5 46. f4 Kc7 47. f5 Kd7 48. Ke5 Ke7 49. f6+ Kf7 50. Kd5 Kxf6
51. Kxc5 Ke6 52. Kc6 Ke7 53. c5 Kd8 54. Kd6 Kc8 55. c6 Kd8 56. Kc5 Kc7 57.
Kd5 Kc8 58. Kd6 Kd8 59. Ke6 Kc7 60. Kf6 Kxc6 61. Kg6 Kd5 62. Kxh5 Ke5 63. g4
Kf6 64. g5+ Kg7 65. g6 Kg8 66. Kg5 Kg7 67. h5 Kg8 68. h6 Kf8 69. g7+ Kg8 70.
Kf6 Kh7 71. Kf7 Kxh6 72. g8=Q Kh5 73. Kf6 Kh4 74. Kf5 Kh5 75. Qg5#
{Black checkmated}
1-0

[Event "ICC tourney 1954 (60 10)"]
[Site "Internet Chess Club"]
[Date "2020.08.08"]
[Round "5"]
[White "Jesserocks135"]
[Black "nirvana2020"]
[Result "1-0"]
[ICCResult "Black checkmated"]
[WhiteElo "1267"]
[BlackElo "801"]
[Opening "QGA: 3.e4"]
[ECO "D20"]
[NIC "QG.04"]
[Time "15:16:34"]
[TimeControl "3600+10"]

1. d4 d5 2. c4 dxc4 3. e4 Nc6 4. Nf3 Nf6 5. Nc3 e6 6. a3 h6 7. Bxc4 a6 8.
O-O Ng4 9. h3 Nf6 10. Re1 Be7 11. d5 exd5 12. exd5 Na7 13. Bf4 O-O 14. Bb3
Bc5 15. Rc1 Bf5 16. Ne2 Ne4 17. Ned4 Bb6 18. Bxc7 Bxc7 19. Nxf5 Nd6 20. Ne7+
Kh8 21. Bc2 g6 22. Bxg6 Re8 23. Qd4+ f6 24. Qxf6# {Black checkmated} 1-0

[Event "ICC tourney 1954 (60 10)"]
[Site "Internet Chess Club"]
[Date "2020.08.08"]
[Round "5"]
[White "BotanicalKnight"]
[Black "Blitzstein"]
[Result "1-0"]
[ICCResult "Black resigns"]
[WhiteElo "1397"]
[BlackElo "1175"]
[Opening "Bishop's opening: Berlin defense"]
[ECO "C24"]
[NIC "IG.04"]
[Time "15:16:59"]
[TimeControl "3600+10"]

1. e4 e5 2. Bc4 Nf6 3. d3 Nc6 4. Nc3 Bb4 5. Ne2 d6 6. O-O O-O 7. Bg5 h6 8.
Bh4 Re8 9. f4 Bc5+ 10. Kh1 exf4 11. Bxf6 Qxf6 12. Rxf4 Qe5 13. Bxf7+
{Black resigns}
1-0

[Event "ICC tourney 1954 (60 10)"]
[Site "Internet Chess Club"]
[Date "2020.08.08"]
[Round "5"]
[White "Chai2006"]
[Black "kkjrme"]
[Result "1-0"]
[ICCResult "Black checkmated"]
[WhiteElo "946"]
[BlackElo "1181"]
[Opening "Sicilian: Hungarian variation"]
[ECO "B27"]
[NIC "SI.43"]
[Time "15:17:14"]
[TimeControl "3600+10"]

1. e4 c5 2. Nf3 g6 3. c3 Bg7 4. d4 cxd4 5. cxd4 Nf6 6. Nc3 O-O 7. e5 Ne8 8.
h4 d6 9. h5 Nc6 10. e6 fxe6 11. hxg6 hxg6 12. Bd3 e5 13. Bxg6 Bf5 14. Bxf5
Rxf5 15. Qb3+ Kf8 16. Ng5 Nxd4 17. Nh7# {Black checkmated} 1-0

[Event "ICC tourney 1954 (60 10)"]
[Site "Internet Chess Club"]
[Date "2020.08.08"]
[Round "5"]
[White "jhong2"]
[Black "Jeffchess"]
[Result "1-0"]
[ICCResult "Black resigns"]
[WhiteElo "1309"]
[BlackElo "1362"]
[Opening "Réti opening"]
[ECO "A04"]
[NIC "QP.11"]
[Time "15:17:12"]
[TimeControl "3600+10"]

1. Nf3 c6 2. d4 e6 3. g3 a5 4. Bg2 a4 5. O-O a3 6. bxa3 Ne7 7. Nc3 d5 8. Ne5
Nd7 9. Bf4 Rxa3 10. Qd2 Nxe5 11. Bxe5 Ng6 12. f4 Nxe5 13. fxe5 Bb4 14. Qf4
f5 15. exf6 gxf6 16. Nd1 f5 17. Ne3 Bd2 18. Rf3 Qb6 19. Nf1 Rxf3 20. Qxf3
Qxd4+ 21. e3 Bxe3+ 22. Nxe3 Qxa1+ 23. Kf2 Qd4 24. Qh5+ Ke7 25. Qg5+ Kd6 26.
Ke2 b6 27. Qh6 Ba6+ 28. Kf3 Qe4+ 29. Kf2 Qe5 30. Qh4 d4 31. Nf1 Qe2+ 32. Kg1
c5 33. Qf4+ e5 34. Qh6+ Kd7 35. Qg7+ Kd6 36. Qf6+ Kd7 37. Qxf5+ Kc7 38. Qf7+
Kd6 39. Qf6+ Kd7 40. Qf7+ Kd8 41. Qf6+ Kc7 42. Qxh8 d3 43. Qxh7+ Kd6 44.
Qg6+ Ke7 45. cxd3 Bxd3 46. Qg7+ Ke6 47. Qh6+ Kf7 48. Bd5+ Ke7 49. Qe6+ Kd8
50. Qd6+ Ke8 51. Bc6+ Kf7 52. Bd5+ Kg7 53. Qe7+ Kh6 54. Qf8+ Kg5 55. h4+ Kg4
56. Qg7+ Kf5 57. Qf7+ Kg4 58. Nh2+ Kxg3 59. Qg7+ Kxh4 60. Qh6+ Kg3 61. Qg5+
Kh3 62. Be6+ Bf5 63. Bxf5+ {Black resigns} 1-0

[Event "ICC tourney 1954 (60 10)"]
[Site "Internet Chess Club"]
[Date "2020.08.08"]
[Round "5"]
[White "jhong3"]
[Black "FatGuyIsRoux"]
[Result "0-1"]
[ICCResult "White checkmated"]
[WhiteElo "931"]
[BlackElo "134"]
[Opening "Giuoco Piano: four knights variation"]
[ECO "C46"]
[NIC "KP.06"]
[Time "15:17:22"]
[TimeControl "3600+10"]

1. e4 e5 2. Nf3 Nc6 3. Nc3 Bc5 4. Bc4 Nf6 5. O-O O-O 6. d3 h6 7. Nd5 d6 8.
Nxf6+ Qxf6 9. c3 a5 10. a3 Bg4 11. h3 Bxf3 12. Qxf3 Qxf3 13. gxf3 Rfe8 14.
Rb1 Bb6 15. Bb5 Re6 16. f4 Rg6+ 17. Kh2 exf4 18. Bxf4 Re8 19. d4 Ree6 20. d5
Ref6 21. dxc6 Rxf4 22. cxb7 Ba7 23. f3 Rg5 24. Bc6 Rc5 25. Bd5 c6 26. Ba2
Rb5 27. Rbd1 Rxb7 28. Rxd6 Bb6 29. e5 Rb8 30. Rxc6 Be3 31. Rd6 Rxb2+ 32. Kh1
Rxa2 33. e6 fxe6 34. Rxe6 Rh4 35. Rxe3 Rxh3+ 36. Kg1 g5 37. c4 g4 38. Rf2
Rg3+ 39. Kh2 Rh3+ 40. Kg2 Rxf2+ 41. Kxf2 Rxf3+ 42. Rxf3 gxf3 43. Kxf3 Kf7
44. Kf4 Ke6 45. Ke4 Kd6 46. Kd4 Kc6 47. a4 h5 48. Ke3 h4 49. Kf3 h3 50. Kg3
Kc5 51. Kxh3 Kxc4 52. Kg3 Kb4 53. Kf3 Kxa4 54. Ke3 Kb3 55. Kd2 Kb2 56. Kd3
a4 57. Kc4 a3 58. Kb4 a2 59. Kc4 a1=Q 60. Kd4 Qa3 61. Ke4 Qc3 62. Kd5 Qb4
63. Kc6 Kc3 64. Kd5 Qc4+ 65. Ke5 Kd3 66. Kd6 Kd4 67. Ke7 Qd5 68. Kf6 Ke4 69.
Ke7 Ke5 70. Kf8 Qd7 71. Kg8 Qe7 72. Kh8 Kf6 73. Kg8 Qg7# {White checkmated}
0-1

[Event "ICC tourney 1954 (60 10)"]
[Site "Internet Chess Club"]
[Date "2020.08.08"]
[Round "5"]
[White "tenuun"]
[Black "viratfan"]
[Result "1-0"]
[ICCResult "Black checkmated"]
[WhiteElo "1106"]
[BlackElo "312"]
[Opening "Sicilian: Nimzovich-Rossolimo attack (without ...d6)"]
[ECO "B30"]
[NIC "SI.31"]
[Time "15:17:06"]
[TimeControl "3600+10"]

1. e4 c5 2. Nf3 Nc6 3. Bb5 d6 4. Bxc6+ bxc6 5. O-O Nf6 6. Nc3 Bg4 7. h3 Bh5
8. d3 e6 9. Be3 Be7 10. a3 h6 11. Qe2 O-O 12. Bd2 Rb8 13. Rab1 Re8 14. Qe3
d5 15. exd5 cxd5 16. Ne2 Bd6 17. c3 e5 18. Ng3 d4 19. Qe2 Bg6 20. c4 Rb3 21.
Ne4 Nxe4 22. dxe4 d3 23. Qe3 Qb8 24. Bc3 f5 25. exf5 Bxf5 26. Nd2 Rb7 27.
Ne4 Be7 28. Qxd3 Bf6 29. Nxf6+ gxf6 30. Qxf5 Rf8 31. f4 exf4 32. Rxf4 Rb6
33. Qg6+ Kh8 34. Rh4 Rb7 35. Rxh6+ Rh7 36. Rxh7# {Black checkmated} 1-0

[Event "ICC tourney 1954 (60 10)"]
[Site "Internet Chess Club"]
[Date "2020.08.08"]
[Round "5"]
[White "vedanta07"]
[Black "SukrutN"]
[Result "0-1"]
[ICCResult "White checkmated"]
[WhiteElo "1231"]
[BlackElo "1155"]
[Opening "Sicilian: Grand Prix attack"]
[ECO "B23"]
[NIC "SI.44"]
[Time "15:16:45"]
[TimeControl "3600+10"]

1. e4 c5 2. Nc3 Nc6 3. f4 g6 4. Nf3 Bg7 5. Bc4 e6 6. O-O Nge7 7. e5 O-O 8.
Nb5 d5 9. exd6 Nf5 10. d3 a6 11. Nc3 b5 12. Bb3 Nxd6 13. a4 b4 14. Ne4 Nf5
15. Nxc5 Bd4+ 16. Rf2 Bxc5 17. d4 Bxd4 18. Nxd4 Ncxd4 19. Rd2 Qc7 20. Rxd4
Nxd4 21. Qxd4 Rd8 22. Qxb4 Qa7+ 23. Kf1 Rd1+ 24. Ke2 Qg1 25. Kf3 Rxc1 26.
Rxc1 Qxc1 27. Qe4 Qf1+ 28. Kg3 Ra7 29. Qd4 Qe1+ 30. Kh3 Rd7 31. Qc5 Rd8 32.
Qe7 Qe3+ 33. g3 Rf8 34. Qf6 Bb7 35. Kg4 h5+ 36. Kg5 Kh7 37. Qe7 Kg7 38. Qf6+
Kh7 39. Qe7 Kg8 40. Qf6 Re8 41. Kh6 Kf8 42. h4 Bd5 43. Bxd5 exd5 44. Qxa6
Qd4 45. Qd6+ Kg8 46. c3 Qh8+ 47. Kg5 Kg7 48. Qxd5 f6# {White checkmated} 0-1

[Event "ICC tourney 1954 (60 10)"]
[Site "Internet Chess Club"]
[Date "2020.08.08"]
[Round "5"]
[White "Zohranvalliani"]
[Black "ClydeChess"]
[Result "1-0"]
[ICCResult "Black resigns"]
[WhiteElo "1036"]
[BlackElo "1214"]
[Opening "Queen's Indian: 4.Nc3"]
[ECO "E12"]
[NIC "QI.02"]
[Time "15:17:27"]
[TimeControl "3600+10"]

1. d4 Nf6 2. c4 e6 3. Nf3 b6 4. Nc3 Bb7 5. e4 Nxe4 6. Bd3 Nxc3 7. bxc3 Be7
8. O-O d6 9. Qe2 O-O 10. Bc2 Nd7 11. Qd3 Nf6 12. Bg5 Be4 13. Qd2 Bxc2 14.
Qxc2 Ng4 15. Bf4 c5 16. h3 Nf6 17. Qd2 Ne4 18. Qe3 d5 19. Nd2 Bd6 20. Nxe4
Bxf4 21. Qxf4 dxe4 22. Qxe4 cxd4 23. cxd4 Rc8 24. Rac1 Qd6 25. Rfd1 Qb4 26.
Qd3 Rfd8 27. d5 exd5 28. cxd5 Rc2 {Black resigns} 1-0

[Event "ICC tourney 1954 (60 10)"]
[Site "Internet Chess Club"]
[Date "2020.08.08"]
[Round "5"]
[White "Justinl20202020"]
[Black "Rishid7"]
[Result "0-1"]
[ICCResult "White checkmated"]
[WhiteElo "1067"]
[BlackElo "919"]
[Opening "Scotch: Schmidt variation"]
[ECO "C45"]
[NIC "SO.04"]
[Time "15:16:32"]
[TimeControl "3600+10"]

1. e4 e5 2. Nf3 Nc6 3. d4 exd4 4. Nxd4 Nf6 5. Nxc6 bxc6 6. Nc3 Bb4 7. Bd3
O-O 8. O-O d6 9. a3 Bxc3 10. bxc3 Ng4 11. h3 Nf6 12. Bg5 h6 13. Bh4 Qe7 14.
Re1 Qe5 15. c4 c5 16. Bg3 Qg5 17. f4 Qxg3 18. e5 Bxh3 19. Qe2 Ng4 20. Be4
Qh2+ 21. Kf1 Qh1# {White checkmated} 0-1

[Event "ICC tourney 1954 (60 10)"]
[Site "Internet Chess Club"]
[Date "2020.08.08"]
[Round "5"]
[White "iamlifamily"]
[Black "lovechess12"]
[Result "1-0"]
[ICCResult "Black resigns"]
[WhiteElo "1406"]
[BlackElo "1213"]
[Opening "Giuoco Piano"]
[ECO "C50"]
[NIC "IG.02"]
[Time "15:17:26"]
[TimeControl "3600+10"]

1. e4 e5 2. Nf3 Nc6 3. Bc4 Bc5 4. O-O d6 5. h3 Be6 6. Bb3 Nge7 7. d3 Qd7 8.
Ng5 Nd4 9. Kh2 Nxb3 10. axb3 h6 11. Nf3 g5 12. d4 exd4 13. Nxd4 g4 14. Nxe6
g3+ 15. fxg3 fxe6 16. Qh5+ Kd8 17. Nc3 c6 18. Na4 Bd4 19. c3 Be5 20. Nb6 Qc7
21. Nxa8 Qb8 22. Be3 d5 23. Bxa7 Bxg3+ 24. Kh1 {Black resigns} 1-0

[Event "ICC tourney 1954 (60 10)"]
[Site "Internet Chess Club"]
[Date "2020.08.08"]
[Round "5"]
[White "PranitP2011"]
[Black "Penguino26"]
[Result "0-1"]
[ICCResult "White resigns"]
[WhiteElo "1013"]
[BlackElo "1286"]
[Opening "Sicilian: dragon, Levenfish variation"]
[ECO "B71"]
[NIC "SI.15"]
[Time "15:17:27"]
[TimeControl "3600+10"]

1. e4 c5 2. Nf3 d6 3. d4 cxd4 4. Nxd4 Nf6 5. Nc3 g6 6. f4 e6 7. e5 dxe5 8.
fxe5 Nd5 9. Bb5+ Bd7 10. Nxd5 exd5 11. Bxd7+ Nxd7 12. O-O Bg7 13. Kh1 O-O
14. e6 fxe6 15. Rxf8+ Nxf8 16. b3 Qh4 17. Nf3 Qf2 18. Rb1 Rc8 19. Rb2 Bxb2
20. Bxb2 Rxc2 21. Ne1 Rxb2 {White resigns} 0-1

[Event "ICC tourney 1954 (60 10)"]
[Site "Internet Chess Club"]
[Date "2020.08.08"]
[Round "5"]
[White "layla0422"]
[Black "LittlePawn135"]
[Result "0-1"]
[ICCResult "White checkmated"]
[WhiteElo "1053"]
[BlackElo "504"]
[Opening "Philidor's defense"]
[ECO "C41"]
[NIC "KP.10"]
[Time "15:17:03"]
[TimeControl "3600+10"]

1. e4 e5 2. Nf3 d6 3. Bc4 Bg4 4. Be2 Nf6 5. d3 Nc6 6. O-O Be7 7. Nc3 O-O 8.
Bd2 Bxf3 9. Bxf3 Nd4 10. Nd5 Nxd5 11. exd5 Nxf3+ 12. Qxf3 Bg5 13. Bxg5 Qxg5
14. Rfe1 Qd2 15. Re2 Qb4 16. b3 Qc3 17. Rf1 Qa5 18. a4 b5 19. axb5 Qxb5 20.
Qg4 Qxd5 21. Re3 Qc6 22. Rg3 g6 23. Rc1 Qc3 24. Qg5 Qb2 25. Rh3 f6 26. Qh6
Rf7 27. g3 g5 28. Re1 Qxc2 29. Re3 Qxb3 30. d4 Qd1+ 31. Kg2 Qxd4 32. Rf3 g4
33. Rxf6 Qe4+ 34. f3 Qe2+ 35. Kg1 gxh3 36. Qg5+ Kh8 37. Rxf7 Qg2#
{White checkmated}
0-1

[Event "ICC tourney 1954 (60 10)"]
[Site "Internet Chess Club"]
[Date "2020.08.08"]
[Round "5"]
[White "joshhansen7"]
[Black "nagapraneel"]
[Result "0-1"]
[ICCResult "White checkmated"]
[WhiteElo "228"]
[BlackElo "833"]
[Opening "Four knights: Scotch, 4...exd4"]
[ECO "C47"]
[NIC "KP.06"]
[Time "15:17:27"]
[TimeControl "3600+10"]

1. e4 e5 2. Nf3 Nc6 3. Nc3 Nf6 4. d4 exd4 5. Nxd4 d6 6. Nxc6 bxc6 7. Bg5 h6
8. Bxf6 Qxf6 9. Qd2 Be7 10. O-O-O O-O 11. Bc4 Qg6 12. f3 Bg4 13. fxg4 Bg5
14. h3 Bxd2+ 15. Rxd2 d5 16. exd5 cxd5 17. Nxd5 Qe6 18. b3 Rad8 19. Rhd1 Qe5
20. Nxc7 Qxc7 21. Kb2 Qe5+ 22. Kb1 Rxd2 23. Rxd2 Qe1+ 24. Kb2 Qxd2 25. g5
hxg5 26. g4 Rc8 27. a4 Rxc4 28. bxc4 Qb4+ 29. Kc1 Qxa4 30. c5 Qa3+ 31. Kd2
Qxc5 32. c3 Kf8 33. Kd3 Ke7 34. c4 Kd6 35. Kc3 Qb6 36. Kd3 Kc5 37. Kc3 Qb4+
38. Kd3 Qxc4+ 39. Ke3 Qa4 40. Kf3 Kd5 41. Kg3 Ke5 42. Kh2 Qa3 43. h4 Kf4 44.
h5 Kxg4 45. h6 gxh6 46. Kg1 Qa2 47. Kf1 Kf3 48. Kg1 Qb2 49. Kh1 Kg3 50. Kg1
Qc1# {White checkmated} 0-1

[Event "ICC tourney 1954 (60 10)"]
[Site "Internet Chess Club"]
[Date "2020.08.08"]
[Round "5"]
[White "Lucasmoon17"]
[Black "palashg"]
[Result "0-1"]
[ICCResult "White checkmated"]
[WhiteElo "699"]
[BlackElo "1141"]
[Opening "Benko's opening"]
[ECO "A00"]
[NIC "VO.09"]
[Time "15:16:42"]
[TimeControl "3600+10"]

1. g3 e5 2. Bg2 Nf6 3. Nf3 Nc6 4. O-O d5 5. Nc3 Bd6 6. d3 O-O 7. e4 d4 8.
Nd5 Nxd5 9. exd5 Ne7 10. Ng5 h6 11. Be4 hxg5 12. Qh5 g6 13. Qxg5 Nf5 14. Qg4
Ne3 15. Qe2 Nxf1 16. Kxf1 Bh3+ 17. Kg1 Kg7 18. Qd2 Rh8 19. c3 f5 20. Bf3 f4
21. cxd4 fxg3 22. fxg3 exd4 23. b3 Qf6 24. Bb2 Bc5 25. Qf2 Raf8 26. Qc2 Qxf3
27. b4 Qe3+ 28. Kh1 Bd6 29. Qc4 Qf3+ 30. Kg1 Qf1+ 31. Rxf1 Rxf1#
{White checkmated}
0-1

[Event "ICC tourney 1954 (60 10)"]
[Site "Internet Chess Club"]
[Date "2020.08.08"]
[Round "5"]
[White "ProfP"]
[Black "MBashur"]
[Result "1-0"]
[ICCResult "Black resigns"]
[WhiteElo "608"]
[BlackElo "840"]
[Opening "Pirc: Ufimtsev-Pytel variation"]
[ECO "B07"]
[NIC "PU.08"]
[Time "15:17:14"]
[TimeControl "3600+10"]

1. e4 d6 2. d4 Nf6 3. Nc3 c6 4. Nf3 g6 5. Bd3 Bg7 6. O-O O-O 7. h3 Nbd7 8.
Re1 e5 9. dxe5 Nxe5 10. Nxe5 dxe5 11. Bg5 Be6 12. Qf3 b5 13. Rad1 Qe7 14. a3
a5 15. Ne2 a4 16. Ng3 h6 17. Bd2 Nd7 18. Qe3 f5 19. exf5 gxf5 20. Nh5 Kh7
21. Nxg7 Qxg7 22. Bb4 Rg8 23. g3 c5 24. Bxc5 Nxc5 25. Qxc5 Kh8 26. Qxe5 Rae8
27. Qxg7+ Rxg7 28. Bxb5 Ree7 29. Bxa4 f4 30. g4 h5 31. Bb3 hxg4 32. Rxe6
gxh3+ 33. Kh2 Rxe6 34. Bxe6 {Black resigns} 1-0

[Event "ICC tourney 1954 (60 10)"]
[Site "Internet Chess Club"]
[Date "2020.08.08"]
[Round "5"]
[White "falcon2020"]
[Black "Tiger2010"]
[Result "1-0"]
[ICCResult "Black checkmated"]
[WhiteElo "1186"]
[BlackElo "669"]
[Opening "Queen's pawn: London system"]
[ECO "A45"]
[NIC "QP.07"]
[Time "15:16:50"]
[TimeControl "3600+10"]

1. d4 Nf6 2. Bf4 Nc6 3. e3 d5 4. Nf3 Bg4 5. h3 Bh5 6. g4 Bg6 7. Bb5 a6 8.
Bxc6+ bxc6 9. Ne5 Be4 10. Rg1 e6 11. Nxc6 Qd7 12. Ne5 Qd8 13. Nd2 Bd6 14. c3
O-O 15. Nxe4 Nxe4 16. g5 Bxe5 17. dxe5 f6 18. gxf6 Rf7 19. Bh6 g6 20. h4
Nxf6 21. exf6 Qxf6 22. Qd2 Rd8 23. Bg5 Qe5 24. Bxd8 c5 25. Bg5 Rd7 26. h5 d4
27. hxg6 hxg6 28. Qd3 Re7 29. Bxe7 Qh2 30. Qxg6+ Kh8 31. Bf6# {Black
checkmated} 1-0

[Event "ICC tourney 1954 (60 10)"]
[Site "Internet Chess Club"]
[Date "2020.08.08"]
[Round "5"]
[White "QueeningPawn8"]
[Black "suhavit"]
[Result "0-1"]
[ICCResult "White resigns"]
[WhiteElo "919"]
[BlackElo "1145"]
[Opening "Scotch game"]
[ECO "C45"]
[NIC "SO.04"]
[Time "15:17:01"]
[TimeControl "3600+10"]

1. e4 e5 2. Nf3 Nc6 3. d4 exd4 4. Nxd4 d6 5. Bc4 Nf6 6. Nc3 h6 7. Be3 Be7 8.
f3 O-O 9. Qd3 Ne5 10. Qe2 Bd7 11. Bb3 Nc6 12. O-O-O Nxd4 13. Bxd4 Be6 14.
Nd5 Nxd5 15. exd5 Bf5 16. g4 Bg6 17. h4 Re8 18. Qd2 Bxh4 19. f4 a5 20. Bf2
Bf6 21. f5 Bg5 22. fxg6 Bxd2+ 23. Rxd2 fxg6 24. c4 a4 25. Bc2 Qg5 26. Rh4
Re2 27. Bg3 Qxd2+ 28. Kb1 Qxc2+ 29. Ka1 {White resigns} 0-1

[Event "ICC tourney 1954 (60 10)"]
[Site "Internet Chess Club"]
[Date "2020.08.08"]
[Round "5"]
[White "BArkadia"]
[Black "sakethdesu"]
[Result "1-0"]
[ICCResult "Black checkmated"]
[WhiteElo "1205"]
[BlackElo "862"]
[Opening "Evans gambit: 5...Be7"]
[ECO "C51"]
[NIC "IG.05"]
[Time "15:17:22"]
[TimeControl "3600+10"]

1. e4 e5 2. Nf3 Nc6 3. Bc4 Bc5 4. b4 Bxb4 5. c3 Be7 6. d4 d6 7. Qb3 Na5 8.
Qa4+ c6 9. Bd3 b5 10. Qc2 exd4 11. cxd4 Bf6 12. e5 dxe5 13. dxe5 Be7 14. O-O
f6 15. Bd2 Bd7 16. e6 Bxe6 17. Bxa5 Qxa5 18. Qxc6+ Kf7 19. Qxa8 Nh6 20. Qxh8
b4 21. Qxh7 Bf5 22. Bc4+ Kf8 23. Qh8+ Ng8 24. Qxg8# {Black checkmated} 1-0

[Event "ICC tourney 1954 (60 10)"]
[Site "Internet Chess Club"]
[Date "2020.08.08"]
[Round "5"]
[White "Maximusiv"]
[Black "Checkmate1970"]
[Result "0-1"]
[ICCResult "White resigns"]
[WhiteElo "1037"]
[BlackElo "932"]
[Opening "Evans gambit"]
[ECO "C51"]
[NIC "IG.05"]
[Time "15:16:45"]
[TimeControl "3600+10"]

1. e4 e5 2. Nf3 Nc6 3. Bc4 Bc5 4. b4 Bxb4 5. c3 Bc5 6. Qb3 Qf6 7. d4 exd4 8.
e5 Nxe5 9. cxd4 Nxf3+ 10. Qxf3 Bxd4 11. Qe4+ Qe5 12. Qxe5+ Bxe5 13. Ba3 Bxa1
14. O-O d6 15. Re1+ Kd7 16. Bxf7 Nf6 17. Be6+ Kd8 18. Bb3 Re8 19. Rd1 Be5
20. Nd2 Bc3 21. Nf3 Bg4 22. Ba4 Re1+ 23. Nxe1 Bxd1 24. Bxd1 Bxe1 25. Kf1 Bc3
26. Bf3 Rb8 27. Bc1 c6 28. Bf4 Kd7 29. g4 h6 30. g5 hxg5 31. Bxg5 Re8 32. h4
Rh8 33. Kg2 Be5 34. Bxf6 Bxf6 35. h5 b5 36. Kh3 c5 37. Bg4+ Kc6 38. f4 c4
39. Bf3+ Kc5 40. Kg4 c3 {White resigns} 0-1

[Event "ICC tourney 1954 (60 10)"]
[Site "Internet Chess Club"]
[Date "2020.08.08"]
[Round "5"]
[White "KanekiB"]
[Black "agrimjax1"]
[Result "1-0"]
[ICCResult "Black checkmated"]
[WhiteElo "1104"]
[BlackElo "1246"]
[Opening "Ruy Lopez: closed, Kholmov variation"]
[ECO "C92"]
[NIC "RL.21"]
[Time "15:16:59"]
[TimeControl "3600+10"]

1. e4 e5 2. Nf3 Nc6 3. Bb5 a6 4. Ba4 b5 5. Bb3 Nf6 6. O-O Be7 7. Re1 d6 8.
h3 O-O 9. c3 Be6 10. d4 Bxb3 11. axb3 Re8 12. d5 Nb8 13. c4 Nbd7 14. Nc3
bxc4 15. bxc4 Nb6 16. b3 Qd7 17. Be3 Nh5 18. Bxb6 cxb6 19. Nxe5 dxe5 20.
Qxh5 Bb4 21. Qf3 f5 22. Rec1 Bxc3 23. Rxc3 fxe4 24. Qxe4 b5 25. c5 a5 26. c6
Qc7 27. Rd3 Qd6 28. Rc3 Qc7 29. Qd3 Red8 30. Qxb5 Rab8 31. Qxa5 Qxa5 32.
Rxa5 Rbc8 33. Re3 Ra8 34. Rxa8 Rxa8 35. Rxe5 Ra1+ 36. Kh2 Rc1 37. b4 Rc4 38.
b5 Rb4 39. c7 Rc4 40. b6 Rc6 41. b7 Rxc7 42. b8=Q+ Kf7 43. Qxc7+ Kf6 44.
Qd6+ Kf7 45. Re7+ Kf8 46. Qd8# {Black checkmated} 1-0